Map: Catalyst LE

Players

Seismic - Winner!

  • Race: Zerg Zerg
  • League: Gold
  • Spawn Location: 5:00

A.I. 1 (Very Easy)

  • Race: Zerg Zerg
  • Spawn Location: 11:00

VOD

Have the link to the VOD?

Description

Time

  • Played on: March 26, 2018, 3:46 p.m.
  • Length: 12:25
Show
View Real Time Build Order
Export as new Build Order

Seismic Zerg - Winner!

Build Orders: Hatch First 

Get SALT Encoding   

  12  0:01  Drone  
  13  0:13  Overlord  
  13  0:17  Drone  
  14  0:32  Drone x2  
  16  0:37  Drone  
  17  0:49  Drone  
  18  0:57  Hatchery  
  17  1:10  Spawning Pool  
  16  1:14  Drone  
  17  1:19  Extractor  
  17  1:20  Drone  
  17  1:25  Drone  
  18  1:29  Drone  
  19  1:40  Overlord  
  19  1:55  Drone  
  20  2:02  Zergling x2  
  21  2:09  Queen  
  21  2:10  Queen  
  21  2:13  Zergling x2  
  21  2:15  Drone  
  27  2:21  Zergling x2  
  28  2:30  Drone  
  28  2:34  Drone x2  
  31  2:37  Metabolic Boost  
  31  2:46  Queen  
  33  2:55  Drone x2  
  33  2:56  Overlord  
  35  3:00  Overlord  
  35  3:05  Drone  
  36  3:14  Pneumatized Carapace  
  36  3:25  Drone x3  
  36  3:26  Drone x2  
  42  3:27  Drone x3  
  42  3:28  Overlord  
  44  4:01  Queen  
  46  4:08  Hatchery  
  45  4:13  Spore Crawler  
  44  4:18  Spore Crawler  
  44  4:21  Drone x3  
  44  4:22  Drone x4  
  44  4:23  Drone  
  52  4:24  Overlord, Drone  
  52  4:57  Lair  
  52  5:05  Extractor x2  
  50  5:09  Evolution Chamber  
  50  5:13  Evolution Chamber  
  48  5:43  Roach Warren  
  48  5:45  Drone x3  
  48  5:46  Drone x7  
  48  5:47  Drone x3  
  48  5:48  Overlord x2  
  60  5:56  Hydralisk Den  
  59  6:08  Unknown  
  59  6:16  Drone x3  
  62  6:29  Overlord  
  62  6:30  Drone x5  
  62  6:31  Drone x2  
  69  6:39  Zerg Missile Weapons Level 1  
  69  6:41  Zerg Ground Armor Level 1  
  69  6:44  Grooved Spines  
  69  7:02  Extractor x2  
  67  7:13  Overlord, Hydralisk  
  67  7:14  Hydralisk x5  
  67  7:15  Hydralisk  
  79  7:16  Hatchery  
  79  7:17  Roach x5, Extractor  
  79  7:18  Roach  
  79  7:20  Extractor  
  90  7:49  Roach x2  
  90  7:50  Roach, Hydralisk x2  
  90  7:51  Hydralisk x2  
  100  7:54  Zergling x4  
  100  7:55  Overlord  
  106  7:59  Overlord x2  
  106  8:14  Spore Crawler  
  105  8:20  Drone x5  
  105  8:21  Drone x5  
  105  8:22  Overlord, Drone  
  116  8:55  Drone x5  
  120  8:56  Drone x2  
  120  8:57  Drone x2  
  120  8:59  Overlord x3  
  125  9:18  Zergling x4  
  125  9:19  Zergling x14  
  125  9:20  Zergling x6  
  125  9:21  Overlord x2  
  137  9:28  Muscular Augments  
  137  9:33  Zerg Ground Armor Level 2  
  137  9:41  Hydralisk x6  
  137  9:42  Hydralisk x4  
  137  9:43  Hydralisk x3  
  137  9:44  Hydralisk  
  137  9:45  Overlord x2  
  165  9:57  Zerg Missile Weapons Level 2  
  165  10:10  Hydralisk x3  
  165  10:11  Hydralisk x5  
  165  10:12  Hydralisk  
  183  10:23  Unknown  
  183  10:26  Extractor  
  182  10:31  Baneling Nest  
  182  10:32  Zergling x10  
  182  10:33  Zergling x14  
  182  10:35  Overlord x2  
  193  10:56  Zergling x14  
  200  11:10  Unknown  
  199  11:56  Unknown  
Show
View Real Time Build Order
Export as new Build Order

A.I. 1 (Very Easy) Zerg 

Build Orders: Hatch First 

Get SALT Encoding   

  12  0:00  Drone  
  13  0:12  Overlord  
  13  0:17  Drone  
  14  0:44  Hatchery  
  14  0:46  Drone  
  14  1:05  Spawning Pool  
  14  1:06  Extractor  
  14  1:09  Drone  
  13  1:16  Drone  
  14  1:22  Overlord  
  14  1:52  Zergling x2  
  14  1:54  Queen, Zergling x2  
  18  2:04  Roach Warren  
  18  2:06  Extractor  
  16  2:09  Drone  
  17  2:16  Drone  
  17  2:19  Zergling x2  
  19  2:24  Drone  
  20  2:31  Drone  
  21  2:38  Drone  
  22  2:45  Drone  
  23  2:52  Drone  
  24  2:59  Lair  
  24  3:01  Drone  
  25  3:29  Drone  
  26  3:36  Drone  
  27  3:43  Overlord  
  27  3:44  Drone  
  28  3:51  Drone  
  29  3:58  Spire, Drone  
  29  4:06  Overseer, Drone  
  30  4:12  Overseer  
  30  4:13  Drone  
  31  4:20  Drone  
  32  4:27  Drone  
  32  4:29  Overlord  
  33  4:34  Drone  
  34  4:42  Drone  
  35  4:49  Extractor, Drone  
  35  4:56  Drone  
  36  5:01  Extractor  
  36  5:03  Drone  
  36  5:10  Mutalisk, Drone  
  39  5:17  Drone  
  40  5:24  Drone  
  41  5:32  Drone  
  42  5:39  Drone  
  42  5:40  Overlord  
  43  5:46  Drone  
  44  5:50  Mutalisk  
  44  5:53  Drone  
  47  6:00  Drone  
  48  6:08  Drone  
  49  10:46  Pneumatized Carapace  
  49  10:47  Overseer  
  49  10:48  Overlord  
  49  10:49  Infestation Pit, Drone  
  49  10:51  Hydralisk Den  
  49  10:56  Overseer, Drone  
  49  11:08  Overlord  
  49  11:09  Zergling x2  
  43  11:17  Overseer  
  43  11:30  Overlord  
  42  11:34  Drone  
  42  11:38  Zergling x2  
  19  11:49  Drone  
  19  11:56  Drone  
  19  12:04  Drone  
Tags
 
League
Gold
Matchup
ZvZ
Race
Zerg
Spawn Locations
Cross Positions
Add a new tag
Caveats
  • Supply blocks, unpowered buildings, or Contaminate may cause inaccurate times.
  • Supply counts are checked every 10 seconds.